 Dungeon Crawl Stone Soup version 0.31.0-12-g77e489cdc1 (webtiles) character file.

Game seed: 2316520336438722593

88 Curundu the Chopper (level 4, 0/41 HPs)
             Began as a Minotaur Berserker on Mar 3, 2024.
             Was a Follower of Trog.
             Slain by an orc wizard
             ... wielding a +0 dagger
              (4 damage)
             ... on level 3 of the Dungeon.
             The game lasted 00:04:22 (2036 turns).

Curundu the Chopper (Minotaur Berserker)            Turns: 2036, Time: 00:04:23

Health: 0/41       AC:  2    Str: 23    XL:     4   Next: 29%
Magic:  3/3        EV: 12    Int:  4    God:    Trog [*.....]
Gold:   102        SH:  0    Dex: 10    Spells: 3/3 levels left

rFire   . . .        a - +0 hand axe
rCold   . . .        (no shield)
rNeg    . . .        b - +0 animal skin
rPois   .            (helmet restricted)
rElec   .            (no cloak)
rCorr   .            (no gloves)
SInv    .            (no boots)
Will    .....        (no amulet)
Stlth   +            (no ring)
HPRegen 0.26/turn    (no ring)
MPRegen 0.08/turn

%: no passive effects
@: no status effects
A: horns 2, retaliatory headbutt
a: Renounce Religion, Berserk


You were on level 3 of the Dungeon.
You worshipped Trog.
Trog was aware of your devotion.
You visited 1 branch of the dungeon, and saw 3 of its levels.

You collected 102 gold pieces.

Inventory:

Hand Weapons
 a - a +0 hand axe (weapon)
Armour
 b - a +0 animal skin (worn)
Jewellery
 c - an amulet of guardian spirit
 h - a +6 ring of intelligence
Wands
 e - a wand of charming (8)
 m - a wand of acid (7)
Scrolls
 d - 3 scrolls of teleportation {unknown}
 f - a scroll of noise {unknown}
 g - 8 scrolls of identify {unknown}
 j - 2 scrolls of enchant weapon {unknown}
 k - a scroll of blinking {unknown}
Potions
 i - a potion of degeneration {unknown}
 l - a potion of mutation {unknown}
 n - a potion of heal wounds {unknown}


   Skills:
 + Level 4.3 Fighting
 + Level 5.1 Axes
 + Level 2.7 Armour
 + Level 2.7 Dodging
 + Level 0.4 Stealth


You had 3 spell levels left.
You didn't know any spells.
Your spell library was empty.

Dungeon Overview and Level Annotations

Branches:
Dungeon (3/15)

Altars:


Innate Abilities, Weirdness & Mutations

You have a pair of horns on your head.
You reflexively headbutt those who attack you in melee.


Message History

Okay, then.
The orc hits you from afar with a +0 trident!
The orc hits you with a +0 hand axe.
Things that are here:
a +0 mace; a dart slug corpse You closely miss the orc wizard.
You hit the orc.
The orc wizard hits you but does no damage.
The orc hits you with a +0 hand axe. The orc closely misses you.
You hit the orc wizard but do no damage.
Your headbutt misses the orc wizard. You barely miss the orc.
The orc closely misses you. The orc hits you with a +0 hand axe.
The orc wizard closely misses you. You furiously retaliate!
You headbutt the orc wizard! The orc hits you with a +0 trident.
You hit the orc wizard. Your headbutt misses the orc wizard.
The orc wizard is severely wounded.
You hit the orc.
You kill the orc!
Trog accepts your kill.
You completely miss the orc. The orc misses you.
The orc wizard points at you and mumbles some strange words.
The puff of flame misses you.
You closely miss the orc wizard.
The orc wizard is severely wounded.
You hit the orc but do no damage. The orc barely misses you.
The orc wizard gestures wildly while chanting.
The orc wizard flickers and vanishes!
Deactivating autopickup; reactivate with Ctrl-A.
You miss something. You hit the orc. The orc hits you with a +0 trident.
Something hits you.
* * * LOW HITPOINT WARNING * * *
You completely miss something. You hit the orc but do no damage.
The orc misses you. Something hits you.
* * * LOW HITPOINT WARNING * * *
You miss something. You hit the orc.
You kill the orc!
Trog accepts your kill. Something hits you.
* * * LOW HITPOINT WARNING * * *
You miss something. Your headbutt misses something. Something hits you.
You die...

..#....%......#...#
..##..............#
..# .#.###.###.#..#
### .#.. #. ...#..#
#.#.###..#
.........# ####
#.#.###..# ...# ...
#){# ##.# ## #@.#
<#†# .......).#
##.# ####.....# #.#
####### #.# ##.#
...# ##.# ###


There were no monsters in sight!

Vanquished Creatures
  Ijyb (D:3)
  Terence (D:3)
  3 dart slugs
  A ribbon worm (D:2)
  3 orcs (D:3)
  4 ball pythons
  2 endoplasms
  4 goblins
  2 hobgoblins (D:2)
  3 kobolds
  A quokka (D:2)
  3 bats
  4 frilled lizards
  2 rats
34 creatures vanquished.

Notes
Turn   | Place    | Note
-------+----------+-------------------------------------------
     0 | D:1      | Curundu the Minotaur Berserker began the quest for the Orb.
     0 | D:1      | Reached XP level 1. HP: 19/19 MP: 0/0
   118 | D:1      | You fall into a shaft and drop 1 floor!
   154 | D:2      | Reached skill level 4 in Axes
   174 | D:2      | Reached XP level 2. HP: 15/27 MP: 1/1
   276 | D:1      | Found a faded altar of an unknown god.
  1190 | D:2      | Reached ** piety under Trog
  1191 | D:2      | Reached XP level 3. HP: 33/33 MP: 2/2
  1752 | D:3      | Noticed Ijyb
  1758 | D:3      | Killed Ijyb
  1848 | D:3      | Noticed Terence
  1857 | D:3      | Killed Terence
  1858 | D:3      | Reached skill level 5 in Axes
  1858 | D:3      | Reached XP level 4. HP: 39/41 MP: 3/3
  2036 | D:3      | Slain by an orc wizard

Illustrated notes

Levels and vault maps discovered:
D:1:      dpeg_arrival_court, layout_loops_ring, ebering_ecumenical_altar_webs
D:2:      layout_basic, grunt_ministairs_1
D:3:      layout_basic, minmay_statues_item, minmay_misc_feat_roman, uniq_ijyb,
          uniq_terence

Skill      XL: |  1  2  3 |
---------------+----------+-----
Axes           | 4 5 |  5.1
Fighting       | 4 |  4.3
Armour         | |  2.7
Dodging        | |  2.7
Stealth        | |  0.4

Action                     |  1- 3 |  4- 6 || total
---------------------------+-------+-------++-------
  Melee: Hand axe          |    49 |    11 ||    60
         Headbutt          |     9 |     1 ||    10
 Invoke: Berserk           |     2 |       ||     2
         Trog's Hand       |     1 |       ||     1
   Stab: Sleeping          |     1 |       ||     1
 Armour: Animal skin       |    39 |    12 ||    51
  Dodge: Dodged            |    47 |    10 ||    57
